 Dungeon Crawl Stone Soup version 0.29-a0-575-g0dc89cf053 (webtiles) character file.

Game seed: 6637566345442795896

10514 benadryl the Covert (level 11, -4/69 HPs)
             Began as a Kobold Brigand on June 12, 2022.
             Was a High Priest of Okawaru.
             Slain by a cane toad (9 damage)
             ... on level 1 of the Lair of Beasts.
             The game lasted 00:24:05 (13212 turns).

benadryl the Covert (Kobold Brigand)               Turns: 13212, Time: 00:24:06

Health: -4/69      AC: 21    Str: 16    XL:     11   Next: 94%
Magic:  23/25      EV: 16    Int: 13    God:    Okawaru [*****.]
Gold:   686        SH:  0    Dex: 25    Spells: 10/10 levels left

rFire   . . .      SeeInvis .   t - +10 hand axe "Arphihay" {flame, Contam rN+ MP+9 Dex+2}
rCold   . . .      Faith    .   (no shield)
rNeg    + . .      Spirit   .   r - +3 chain mail of Liberty {+Blink Str+4 Dex+6}
rPois   .          Reflect  .   q - +2 hat
rElec   .          Harm     .   c - +1 cloak
rCorr   .          Rampage  .   u - +0 pair of gloves
Will    .....                   x - +0 pair of boots
Stlth   +++++.....              (no amulet)
HPRegen 0.21/turn               f - +4 ring of slaying
MPRegen 0.19/turn               (no ring)

@: lethally poisoned (-4 -> -18), heroic
A: small, no large weapons, nightstalker 3
a: Renounce Religion, Evoke Blink, Heroism, Finesse, Duel


You were on level 1 of the Lair of Beasts.
You worshipped Okawaru.
Okawaru was extremely pleased with you.
You visited 2 branches of the dungeon, and saw 10 of its levels.
You also visited: Sewer and Ossuary.

You collected 686 gold pieces.

Inventory:

Hand Weapons
 a - a +3 dagger
 t - the +10 hand axe "Arphihay" (weapon) {flame, Contam rN+ MP+9 Dex+2}
   (You took it off a goblin on level 4 of the Dungeon)

   It burns those it strikes, dealing additional fire damage.
   Big, fiery blades are also staple armaments of hydra-hunters.
   Dex:       It affects your dexterity (+2).
   rN:        It protects you from negative energy.
   MP:        It affects your magic capacity (+9).
   Contam:    It causes magical contamination when unequipped.
Missiles
 d - 46 poisoned darts
 e - 2 curare-tipped darts (quivered)
Armour
 c - a +1 cloak (worn)
 q - a +2 hat (worn)
 r - the +3 chain mail of Liberty (worn) {+Blink Str+4 Dex+6}
   (You found it on level 4 of the Dungeon)

   Str:       It affects your strength (+4).
   Dex:       It affects your dexterity (+6).
   +Blink:    It lets you blink.
 u - a +0 pair of gloves (worn)
 x - a +0 pair of boots (worn)
Jewellery
 f - a +4 ring of slaying (left hand)
 i - a ring of fire
 s - a ring of wizardry
 A - the amulet "Acko" {Reflect Drain rN+++ Will- Str+4 SH+5}
   (You took it off an orc on level 6 of the Dungeon)

   [amulet of reflection]

   It reflects blocked missile attacks.
   Str:       It affects your strength (+4).
   rN:        It renders you almost immune to negative energy.
   Drain:     It drains your maximum health when unequipped.
   SH:        It affects your SH (+5).
   Will:      It decreases your willpower.
Wands
 p - a wand of iceblast (36)
 y - a wand of flame (22)
Scrolls
 h - a scroll of silence
 l - 11 scrolls of teleportation
 m - 3 scrolls of identify {@r1}
 n - 2 scrolls of amnesia
 o - a scroll of magic mapping
 z - a scroll of enchant armour
 B - 2 scrolls of fog
Potions
 b - a potion of haste
 g - 2 potions of might
 j - a potion of berserk rage
 v - a potion of magic
 w - a potion of resistance
 C - a potion of curing {@q1}
 D - a potion of flight


   Skills:
 + Level 8.9(13.9) Fighting
 - Level 2.6(7.6) Short Blades
 - Level 7.6(12.6) Axes
 - Level 2.1(7.1) Throwing
 * Level 4.2(9.2) Armour
 + Level 4.5(9.5) Dodging
 - Level 13.0(18.0) Stealth
 - Level 6.7 Invocations
 - Level 6.3 Evocations


You had 10 spell levels left.
You didn't know any spells.
Your spell library contained the following spells:

 Spells                   Type           Power      Damage    Failure   Level
 Sublimation of Blood     Necr           0%         N/A       99%         2
 Wereblood                Tmut           0%         N/A       99%         2
 Dazzling Flash           Conj/Hex       0%         N/A       100%        3
 Iskenderun's Mystic Bla  Conj/Tloc      0%         2d3       100%        4
 Starburst                Conj/Fire      0%         6d3       100%        6
 Summon Hydra             Summ           Unusable   N/A       N/A         7

Dungeon Overview and Level Annotations

Branches:
Dungeon (9/15)             Temple (0/1) D:5            Lair (1/6) D:8
  Sewer (visited)         Ossuary (visited)
    Orc: D:9-12

Altars:
Dithmenos
Elyvilon
Hepliaklqana
Okawaru
Yredelemnul
Zin

Shops:
D:1 *


Innate Abilities, Weirdness & Mutations

You are small and have problems with some larger weapons.
You are completely attuned to the shadows.


Message History

A wolf comes into view.
The wolf bites you. The wolf bites you but does no damage.
You slash the wolf! You burn the wolf.
The wolf is almost dead.
The wolf bites you but does no damage.
You slash the wolf! You burn the wolf.
You kill the wolf!
Okawaru accepts your kill.
You see here a wolf corpse.
You start resting.
You start resting.
A cane toad comes into view.
You closely miss the cane toad.
The cane toad gives a loud, deep croak!
The cane toad barely misses you.
You hit the cane toad but do no damage. The cane toad misses you.
You slice the cane toad!! You burn the cane toad.
The cane toad is heavily wounded.
The cane toad stings you!
You slash the cane toad! You burn the cane toad.
The cane toad is almost dead.
The cane toad stings you!
You are poisoned.
The cane toad poisons you! The cane toad stings you!
* * * LOW HITPOINT WARNING * * *
You barely miss the cane toad.
The cane toad is almost dead.
* * * LOW HITPOINT WARNING * * *
You feel very sick. The cane toad closely misses you.
You gain the combat prowess of a mighty hero.
* * * LOW HITPOINT WARNING * * *
You feel very sick. The cane toad closely misses you.
You barely miss the cane toad.
The cane toad is almost dead.
* * * LOW HITPOINT WARNING * * *
You feel very sick. The cane toad stings you!
You die...

.........
.............
.............. .....
............... h....
................ .....
....F@................
#....♣.†..............
....................♣.
.#................♣...
.#....>.♣.......♣...#
..................).
................
...............
.............#


You could see a cane toad.

Vanquished Creatures
  Pikel (D:6)
  A cyclops (D:8)
  3 cane toads
  A komodo dragon (D:8)
  3 slime creatures (D:8)
  A spriggan (D:7)
  15 yaks
  Eustachio (D:6)
  A wyvern (D:7)
  Menkaure (D:6)
  A steam dragon (D:7)
  2 acid dragons
  5 water moccasins
  2 ice beasts
  A sky beast (D:5)
  A black bear (D:6)
  Pargi (Sewer)
  27 wolves
  2 lemures (D:6)
  A phantom (D:6)
  3 kobold brigands
  3 bullfrogs
  2 necrophages
  2 scorpions
  3 wights (D:7)
  5 howler monkeys
  A centaur zombie (Ossuary)
  2 hounds
  A jelly (D:8)
  3 orc priests
  2 gnoll shamans (D:6)
  2 iguanas
  3 orc wizards
  3 mummies
  10 adders
  12 gnolls
  A white imp (D:5)
  2 worms
  2 dart slugs
  24 orcs
  14 bats
  2 endoplasms (D:1)
  3 giant cockroaches
  A gnoll zombie (Ossuary)
  5 hobgoblins
  3 jackals (D:2)
  18 kobolds
  5 quokkas
  3 ball pythons
  A frilled lizard (D:1)
  9 goblins
  4 hobgoblin zombies (Ossuary)
  6 orc zombies (Ossuary)
  4 rats
235 creatures vanquished.

Vanquished Creatures (others)
  2 fungi (Lair:1)
  57 plants
59 creatures vanquished.

Grand Total: 294 creatures vanquished

Notes
Turn   | Place    | Note
-------+----------+-------------------------------------------
     0 | D:1      | benadryl the Kobold Brigand began the quest for the Orb.
     0 | D:1      | Reached XP level 1. HP: 12/12 MP: 1/1
   241 | D:1      | Reached XP level 2. HP: 4/18 MP: 2/2
   799 | D:1      | Reached skill level 6 in Stealth
   996 | D:1      | Reached XP level 3. HP: 22/22 MP: 3/3
  1121 | D:1      | Found a faded altar of an unknown god.
  1194 | D:1      | Found Town's General Store.
  1518 | D:2      | Reached XP level 4. HP: 28/28 MP: 4/4
  1700 | D:2      | Reached skill level 7 in Stealth
  1727 | D:2      | HP: 1/28 [gnoll/+0 club (2)]
  2088 | D:2      | Reached XP level 5. HP: 32/32 MP: 5/5
  2576 | D:5      | Entered Level 5 of the Dungeon
  2910 | D:4      | Reached skill level 8 in Stealth
  3213 | D:4      | Found a basalt altar of Yredelemnul.
  3271 | D:4      | Found a hazy altar of Hepliaklqana.
  3520 | D:4      | Identified the +3 chain mail of Liberty {+Blink Str+4
                  | Dex+6}
  3582 | D:4      | Reached XP level 6. HP: 38/38 MP: 6/6
  3884 | D:4      | Found an iron altar of Okawaru.
  3884 | D:4      | Found a white marble altar of Elyvilon.
  3963 | D:4      | Identified the +10 hand axe "Arphihay" {flame, Contam rN+
                  | MP+9 Dex+2}
  4058 | D:4      | Became a worshipper of Warmaster Okawaru
  4306 | D:5      | Found a staircase to the Ecumenical Temple.
  4414 | D:5      | Noticed a water moccasin
  4423 | D:5      | Killed a water moccasin
  4424 | D:5      | Reached skill level 1 in Axes
  4718 | D:5      | Noticed a sky beast
  4726 | D:5      | Killed a sky beast
  4726 | D:5      | Reached * piety under Okawaru
  4727 | D:5      | Reached XP level 7. HP: 44/44 MP: 7/7
  4748 | D:5      | Reached skill level 9 in Stealth
  4767 | D:5      | Noticed an acid dragon
  4770 | D:5      | Killed an acid dragon
  5223 | D:6      | Reached skill level 5 in Fighting
  5242 | D:6      | Reached XP level 8. HP: 43/49 MP: 8/8
  5642 | D:6      | Found a sand-covered staircase.
  5669 | Ossuary  | Entered an ossuary
  5702 | Ossuary  | Reached skill level 10 in Stealth
  5731 | Ossuary  | Reached ** piety under Okawaru
  5893 | D:6      | Found a glowing drain.
  5899 | Sewer    | Entered a sewer
  5951 | Sewer    | Noticed Pargi
  5961 | Sewer    | Killed Pargi
  6047 | D:6      | Noticed Pikel
  6052 | D:6      | Killed Pikel
  6052 | D:6      | Reached *** piety under Okawaru
  6053 | D:6      | Reached skill level 5 in Axes
  6053 | D:6      | Reached skill level 11 in Stealth
  6053 | D:6      | Reached XP level 9. HP: 51/56 MP: 9/9
  6282 | D:6      | Noticed Eustachio
  6296 | D:6      | Killed Eustachio
  6766 | D:6      | Noticed Menkaure
  6775 | D:6      | Killed Menkaure
  7105 | D:6      | Identified the amulet "Acko" {Reflect Drain rN+++ Will-
                  | Str+4 SH+5}
  7478 | D:8      | Found a staircase to the Lair.
  7500 | D:8      | Reached skill level 1 in Invocations
  7515 | D:9      | Noticed a slime creature
  7516 | D:9      | Noticed a two-headed ogre
  7516 | D:9      | Noticed a slime creature
  7952 | D:7      | Reached **** piety under Okawaru
  7953 | D:7      | Reached XP level 10. HP: 63/63 MP: 12/12
  8169 | D:7      | Reached skill level 12 in Stealth
  9235 | D:8      | Noticed a cyclops
  9248 | D:8      | Reached skill level 5 in Invocations
  9256 | D:8      | Killed a cyclops
  9268 | D:8      | Found a glowing silver altar of Zin.
  9453 | D:8      | Noticed a komodo dragon
  9460 | D:8      | Killed a komodo dragon
  9546 | D:8      | Found a shadowy altar of Dithmenos.
  9582 | D:8      | Reached ***** piety under Okawaru
 10129 | D:8      | Reached XP level 11. HP: 61/69 MP: 15/15
 10132 | D:8      | Reached skill level 13 in Stealth
 10675 | Lair:1   | Entered Level 1 of the Lair of Beasts
 10684 | Lair:1   | Reached skill level 5 in Evocations
 11192 | Lair:1   | Reached skill level 1 in Armour
 11199 | Lair:1   | Identified the +4 long sword of Fazef {vorpal, rC+ Will+
                  | rCorr} (Okawaru gifted it to you on level 1 of the Lair of
                  | Beasts)
 11199 | Lair:1   | Received a gift from Okawaru
 13212 | Lair:1   | Slain by a cane toad

Illustrated notes

Levels and vault maps discovered:
D:1:      scummos_arrival_star, layout_basic, chequers_ecumenical_altar_lobes,
          serial_shops, shop, minmay_vboxes
D:2:      layout_basic, nicolae_grassy_gnolls
D:3:      layout_basic, uniq_jessica
D:4:      layout_cave_pods, mainiacjoe_overflow_alcove_1,
          yredelemnul_altar_generic, minitemple
D:5:      layout_basic, minmay_temple_entry_sparse_star
D:6:      layout_loops_ring, cheibrodos_sewer_entry_drain,
          gup_ossuary_entry_pyramid, corexii_checkpoint_a, solitary_fountain,
          uniq_eustachio, uniq_pikel, uniq_menkaure
D:7:      layout_layer_cave, the_hattery
D:8:      layout_basic, lemuel_doored_altar, kennysheep_mini_moat,
          david_lair_shrubbed, enter_bailey_3
D:9:      layout_cave_pods, chequers_temple_overflow_statue_of_worship,
          fountainhead, minmay_ruined_shrine
Lair:1:   layout_hall_layers, grunt_forest_large_clearings

Skill      XL: |  1  2  3  4  5  6  7  8  9 10 11 |
---------------+----------------------------------+-----
Stealth        | 6 7 8 9 11 12 13 | 13.0
Fighting       | 3 4 5 6 7 8 |  8.9
Axes           | 2 3 5 6 7 |  7.6
Invocations    | 2 6 |  6.7
Evocations     | 6 |  6.3
Armour         | 4 |  4.2
Dodging        | 4 |  4.5
Short Blades   | |  2.6
Throwing       | |  2.1

Action                   |  1- 3 |  4- 6 |  7- 9 | 10-12 || total
-------------------------+-------+-------+-------+-------++-------
Melee: Dagger            |    53 |    87 |       |       ||   140
       Punch             |       |     2 |     3 |     2 ||     7
       Hand axe          |       |    23 |   178 |   252 ||   453
Throw: Dart              |       |     7 |     4 |     1 ||    12
Invok: Heroism           |       |       |     1 |     5 ||     6
       Finesse           |       |       |       |     2 ||     2
 Abil: Evoke Blink       |       |       |       |     1 ||     1
  Use: Scroll            |     2 |     5 |    11 |     3 ||    21
       Potion            |       |     4 |     2 |     1 ||     7
 Stab: Sleeping          |    14 |    19 |    10 |     4 ||    47
       Distracted        |       |       |       |     1 ||     1
Armor: Robe              |    16 |    11 |       |       ||    27
       Skin              |       |     7 |       |       ||     7
       Chain mail        |       |    16 |   131 |   185 ||   332
Dodge: Dodged            |    31 |    61 |    92 |   189 ||   373

Table legend: (Time is in decaauts)
 A = Elapsed time spent in this place.
 B = Non-inter-level travel time spent in this place.
 C = Inter-level travel time spent in this place.
 D = Time resting spent in this place.
 E = Time spent auto-exploring this place.
 F = Levels seen in this place.
 G = Mean time per level.
                   A        B        C        D        E       F      G
               +--------+--------+--------+--------+--------+-----+--------+
         Total |  13197 |  12902 |    295 |   5672 |   4847 |  12 | 1099.8 |
       Dungeon |  12594 |  12299 |    295 |   5528 |   4847 |   9 | 1399.3 |
          Lair |    362 |    362 |      0 |    144 |      0 |   1 |  362.0 |
         Sewer |    100 |    100 |      0 |      0 |      0 |   1 |  100.0 |
       Ossuary |    139 |    139 |      0 |      0 |      0 |   1 |  139.0 |
               +--------+--------+--------+--------+--------+-----+--------+

Top non-repeatable levels by time:
     D:8: 3943 daAuts
     D:6: 1765 daAuts
     D:4: 1744 daAuts
     D:7: 1675 daAuts
     D:1: 1253 daAuts
     D:2: 1134 daAuts
     D:5: 932 daAuts
  Lair:1: 362 daAuts
     D:3: 141 daAuts
 Ossuary: 139 daAuts
   Sewer: 100 daAuts
     D:9: 4 daAuts
